 Dungeon Crawl Stone Soup version 0.30-b1-5-g8e6c1be481 (webtiles) character file.

Game seed: 1194598039147354381

60304 H0rd4k the Thaumaturge (level 15, -1/110 HPs)
             Began as a Human Artificer on May 4, 2023.
             Was an Initiate of Gozag.
             Shot with a sling bullet by a faun (8 damage)
             ... led by a satyr
             ... on level 2 of the Shoals.
             The game lasted 01:25:59 (32285 turns).

H0rd4k the Thaumaturge (Human Artificer)           Turns: 32285, Time: 01:25:59

Health: -1/110     AC: 19    Str: 18    XL:     15   Next: 37%
Magic:  0/28       EV: 13    Int: 23    God:    Gozag
Gold:   476        SH:  0    Dex: 13    Spells: 22/38 levels left

rFire   + + +        O - +8 spear of Starshine {pain, rC++ Str+3 Int+2}
rCold   + . .        U - orb {guile}
rNeg    . . .        k - +6 scale mail "Rijout" {rF++ Will+ rCorr Dex-4}
rPois   .            T - +2 helmet {Int+3}
rElec   .            u - +0 cloak
rCorr   +            i - +0 pair of gloves
SInv    .            (no boots)
Will    .....        x - amulet of guardian spirit
Stlth   ++           I - ring of Divine Compulsion {Fire Str+2 Dex+3}
HPRegen 0.38/turn    E - ring of flight
MPRegen 0.21/turn

%: guardian spirit
@: weak-willed, flying
A: low MP 1
a: Renounce Religion, Potion Petition, Call Merchant, Bribe Branch


You were on level 2 of the Shoals.
You worshipped Gozag.
Gozag was aware of your devotion.
You visited 6 branches of the dungeon, and saw 22 of its levels.
You also visited: Sewer.

You collected 5936 gold pieces.
You spent 2896 gold pieces at shops.
You paid 2564 gold pieces to Gozag.

Inventory:

Hand Weapons
 D - the +5 arbalest of Amorality {elec, Will+}
   (You bought it in a shop on level 2 of the Orcish Mines)

   Will:      It increases your willpower.
 O - the +8 spear of Starshine (weapon) {pain, rC++ Str+3 Int+2}
   (You found it on level 10 of the Dungeon)

   Str:       It affects your strength (+3).
   Int:       It affects your intelligence (+2).
   rC:        It greatly protects you from cold.
 Y - the +5 rapier of the Heavens {vamp, rPois Str+9 Int+4 Dex-3}
   (You found it on level 4 of the Lair of Beasts)

   Str:       It affects your strength (+9).
   Int:       It affects your intelligence (+4).
   Dex:       It affects your dexterity (-3).
   rPois:     It protects you from poison.
Missiles
 f - 42 poisoned darts
 y - 4 curare-tipped darts
Armour
 i - a +0 pair of gloves (worn)
 k - the +6 scale mail "Rijout" (worn) {rF++ Will+ rCorr Dex-4}
   (You bought it in a shop on level 4 of the Dungeon)

   Dex:       It affects your dexterity (-4).
   rF:        It greatly protects you from fire.
   rCorr:     It protects you from acid and corrosion.
   Will:      It increases your willpower.
 u - a +0 cloak (worn)
 T - a +2 helmet of intelligence (worn)
 U - an orb of guile (worn)
Jewellery
 a - a ring of ice
 t - a ring of resist corrosion
 w - a +4 ring of protection
 x - an amulet of guardian spirit (around neck)
 E - a ring of flight (right hand)
 G - a ring of fire
 H - the ring of Duosuh {rPois EV+5}
   (You bought it in a shop on level 8 of the Dungeon)

   [ring of evasion]

   EV:        It affects your evasion (+5).
   rPois:     It protects you from poison.
 I - the ring of Divine Compulsion (left hand) {Fire Str+2 Dex+3}
   (You bought it in a shop on level 8 of the Dungeon)

   [ring of fire]

   It enhances your fire magic.
   Str:       It affects your strength (+2).
   Dex:       It affects your dexterity (+3).
   rF:        It protects you from fire.
   rC:        It makes you vulnerable to cold.
 R - a ring of magical power
Wands
 b - a wand of digging (1)
 c - a wand of flame (25)
 d - a wand of charming (12)
 g - a wand of light (3)
 C - a wand of iceblast (17)
Scrolls
 h - 2 scrolls of fog
 l - a scroll of vulnerability
 n - a scroll of fear
 o - 4 scrolls of poison
 p - 3 scrolls of identify
 q - a scroll of teleportation
 r - 3 scrolls of amnesia
 s - 4 scrolls of brand weapon
 J - a scroll of magic mapping {unknown}
 L - 2 scrolls of enchant weapon
 S - 3 scrolls of immolation
Potions
 e - a potion of invisibility
 j - 5 potions of curing
 m - 5 potions of magic
 v - 2 potions of cancellation
 z - 2 potions of haste
 A - 2 potions of brilliance
 B - 2 potions of mutation
 F - 2 potions of ambrosia
 M - 4 potions of flight
 V - a potion of might
Miscellaneous
 P - a condenser vane
 Q - a phial of floods (inert)


   Skills:
 + Level 8.2 Fighting
 - Level 6.7 Long Blades
 - Level 0.8 Maces & Flails
 + Level 11.7 Polearms
 + Level 0.2 Throwing
 - Level 4.9 Armour
 - Level 9.2 Dodging
 - Level 5.6 Stealth
 - Level 1.0 Unarmed Combat
 * Level 12.3 Spellcasting
 + Level 7.8 Hexes
 * Level 0.7 Summonings
 * Level 1.2 Necromancy
 + Level 2.3 Translocations
 + Level 1.2 Transmutations
 + Level 3.1 Fire Magic
 + Level 0.1 Ice Magic
 * Level 3.7 Air Magic
 + Level 0.9 Earth Magic
 + Level 0.3 Poison Magic
 + Level 0.1 Invocations
 - Level 6.1 Evocations


You had 22 spell levels left.
You knew the following spells:

 Your Spells              Type           Power      Damage    Failure   Level
a - Inner Flame           Hex/Fire       56%        N/A       4%          3
b - Vhi's Electric Charg  Tloc/Air       56%        N/A       12%         3
c - Confusing Touch       Hex            50%        N/A       1%          3
d - Volatile Blastmotes   Fire/Tloc      80%        2d16      13%         3
e - Summon Lightning Spi  Summ/Air       24%        N/A       47%         4

Your spell library contained the following spells:

 Spells                   Type           Power      Damage    Failure   Level
 Poisonous Vapours        Pois/Air       46%        N/A       9%          2
 Static Discharge         Conj/Air       44%        2-4/arc   10%         2
 Kiss of Death            Conj/Necr      68%        2d10      11%         1
 Mephitic Cloud           Conj/Pois/Air  20%        N/A       22%         3
 Fulminant Prism          Conj/Hex       16%        3d10      26%         4
 Airstrike                Air            15%        2d(3-19)  28%         4
 Yara's Violent Unravell  Hex/Tmut       17%        3d8       50%         5
 Summon Mana Viper        Hex/Summ       33%        N/A       54%         5
 Dispel Undead            Necr           19%        3d11      63%         4
 Iskenderun's Mystic Bla  Conj/Tloc      19%        2d6       63%         4
 Summon Ice Beast         Ice/Summ       16%        N/A       73%         4
 Arcjolt                  Conj/Air       11%        1d21      86%         5
 Freezing Cloud           Conj/Ice/Air   10%        6-21      91%         5
 Borgnjor's Vile Clutch   Necr/Erth      9%         N/A       94%         5
 Lee's Rapid Deconstruct  Erth           9%         3d7*      94%         5
 Plasma Beam              Fire/Air       22%        2x1d38    99%         6
 Enfeeble                 Hex            25%        N/A       99%         7
 Death Channel            Necr           9%         N/A       100%        6
 Monstrous Menagerie      Summ           8%         N/A       100%        7
 Ozocubu's Refrigeration  Ice            7%         4d9       100%        7
 Polar Vortex             Ice            7%         N/A       100%        9
 Animate Dead             Necr           Unusable   N/A       N/A         4
 Simulacrum               Ice/Necr       Unusable   N/A       N/A         6

Dungeon Overview and Level Annotations

Branches:
Dungeon (11/15)            Temple (1/1) D:7            Lair (5/5) D:8
 Shoals (2/4) Lair:2        Snake (1/4) Lair:3        Slime (0/5) Lair:5
    Orc (2/2) D:9             Elf (0/3) Orc:2         Sewer (visited)

Altars:
Ashenzari
Cheibriados
Dithmenos
Elyvilon
Gozag
Hepliaklqana
Kikubaaqudgha
Makhleb
Nemelex Xobeh
Okawaru
Qazlal
Ru
Trog
Uskayaw
Vehumet
Wu Jian
Xom
Yredelemnul
Zin
The Shining One
Jiyva

Shops:
D:4 ?*   D:6 !?([[   D:8 =[[   Orc:1 **   Orc:2 ::([

Portals:
Trove: D:10 (give 2 scrolls of acquirement)

Annotations:
D:7 exclusions: downstairs and upstairs
D:8 3 runed translucent doors, exclusion: 3 doors, forrestvenable's ghost, novice NaIE
D:10 2 transporters
Lair:1 exclusion: downstairs
Lair:2 exclusion: downstairs
Lair:3 exclusion: downstairs, Aizul
Lair:4 exclusion: downstairs
Shoals:1 Nikola


Innate Abilities, Weirdness & Mutations

Your magical capacity is low. (-10% MP)


Message History

The harpy claws you but does no damage. The harpy barely misses you.
The snapping turtle bites you from afar!
* * * LOW HITPOINT WARNING * * *
You fly downwards.
The merfolk impaler shouts!
You hear a shout!
You hear a screech!
There is a stone staircase leading up here.
Unknown command.
Found a rapier.
Found an escape hatch in the ceiling.
A death yak comes into view.
A wind drake comes into view.
A faun comes into view. It is wielding a +0 spear.
The faun shouts!
The faun unwields a +0 spear.
The faun wields a +0 sling.
The faun shoots a sling bullet.
The sling bullet hits you.
* * * LOW HITPOINT WARNING * * *
A faun comes into view. It is wielding a +0 spear.
Found an escape hatch in the floor.
The faun shouts!
You hear a shout!
The faun gestures at you while chanting.
Your willpower is stripped away!
A satyr comes into view. It is wielding a +0 club.
Found a scroll labelled VAXAQERGHA.
The faun casts a spell at you.
You barely resist.
A faun comes into view. It is wielding a +0 club.
A faun comes into view. It is wielding a +0 club.
The faun shouts!
The faun shoots a sling bullet.
The sling bullet closely misses you.
The sling bullet hits the plant!
The plant begins to die.
The faun unwields a +0 club.
The faun wields a +0 sling.
The faun shoots a sling bullet.
The sling bullet hits you!
* * * LOW HITPOINT WARNING * * *
The faun unwields a +0 spear.
The faun wields a +0 sling.
The faun shoots a sling bullet.
The sling bullet hits you!
* * * LOW HITPOINT WARNING * * *
There is an escape hatch in the ceiling, spattered with blood here.
The satyr shouts!
The faun shoots a sling bullet.
The sling bullet hits you!
You die...
Your body crumbles into a pile of gold.

$ ~P~~... c...~~
≈≈PPP..##c..~~~~
~P~~~P.....c~~~~~
~~~~~~.P.cc~~~~~~~~~~~~~
~~P~~~...~..≈≈~~≈≈≈~~~~~
~~~~~~~.~~.~≈≈≈≈≈≈≈~~~~~
~~~P~P.~)~~.~~m≈≈≈≈≈~~~~
PP~PPP~@.~~P~≈≈~~≈~~~~~.
~~~..P....~~m≈≈~~..~.~..
P~....P......~........#
~P..PP>##...~~...<....#
~.....P#....~~...##..##
...#.....P.....### .#
..?...........k# #
...PP....##.........#
.......# #.........#


You could see a merfolk impaler, a satyr, a wind drake (wandering, repels
missiles), 4 fauns and a water nymph.

Vanquished Creatures
  Gastronok (D:8)
  Donald (Orc:1)
  2 orc warlords (Orc:1)
  Fannar (Orc:1)
  A catoblepas (Lair:4)
  Erica (Lair:1)
  2 boulder beetles (D:11)
  2 hydras (Lair:4)
  4 death yaks (Lair:2)
  3 orc high priests (Orc:2)
  Nergalle (D:11)
  Amaemon (D:8)
  A sea snake (Shoals:1)
  A harpy (Shoals:1)
  2 orc sorcerers
  A manticore (Shoals:1)
  A faun (Shoals:1)
  Joseph (D:8)
  4 merfolk sirens
  8 elephants
  A torpor snail (Lair:5)
  8 black mambas
  10 cane toads
  An orange demon (D:8)
  10 rime drakes
  5 komodo dragons
  A kobold demonologist (D:11)
  2 guardian mummies (D:10)
  A troll (D:6)
  6 hornets
  5 polar bears (Lair:5)
  7 dream sheep (Lair:5)
  13 blink frogs
  4 shadows
  A water elemental (Shoals:1)
  12 spriggans (Lair:5)
  2 wraiths
  7 wyverns
  37 yaks
  5 basilisks
  Eustachio (D:5)
  2 vampire mosquitoes (D:11)
  A steam dragon (D:8)
  4 wargs (Orc:1)
  5 nagas (Lair:3)
  2 hell hounds
  15 water moccasins
  7 black bears
  31 orc warriors
  A sky beast (D:7)
  18 wolves
  4 boggarts (Lair:5)
  3 centaurs
  An ogre (Orc:1)
  4 phantoms
  Blork the orc (D:5)
  14 bullfrogs
  7 kobold brigands
  A gnoll sergeant (D:7)
  4 scorpions
  4 wights
  5 killer bees (D:9)
  2 troll zombies (D:9)
  An electric eel (Lair:1)
  3 howler monkeys
  A centaur skeleton (D:7)
  14 jellies
  12 orc priests
  4 hounds
  Ijyb (D:3)
  Terence (D:2)
  27 orc wizards
  5 hell rats (Lair:4)
  3 iguanas
  4 ogre zombies (D:9)
  14 gnolls
  5 adders
  2 white imps (D:6)
  An ufetubus (D:6)
  2 worms
  4 dart slugs
  73 orcs
  10 ball pythons
  8 endoplasms
  6 giant cockroaches
  5 goblins
  5 hobgoblins
  4 quokkas
  8 bats
  5 frilled lizards
  2 goblin zombies (D:9)
  A hobgoblin skeleton (D:9)
  23 kobolds
  2 orc skeletons (D:9)
  14 orc zombies (D:9)
  6 rats
590 creatures vanquished.

Vanquished Creatures (collateral kills)
  A shadow (D:8)
  Menkaure (D:7)
  An orc warrior (Orc:1)
  A phantom (D:7)
  An orc priest (D:5)
  2 orc wizards
  4 orcs
  2 giant cockroaches
  2 goblins (D:2)
  A hobgoblin (D:2)
  2 quokkas (D:5)
  A bat (D:2)
19 creatures vanquished.

Vanquished Creatures (others)
  A harpy (Shoals:1)
  A wyvern (Lair:4)
  A gnoll sergeant (D:9)
  An orc priest (Orc:1)
  A jelly (D:5)
  A sleepcap (D:8)
  An iguana (D:5)
  2 orc wizards
  A hell rat (Lair:4)
  A gnoll (D:9)
  A quokka (D:5)
  24 fungi
  93 plants
129 creatures vanquished.

Grand Total: 738 creatures vanquished

Notes
Turn   | Place    | Note
-------+----------+-------------------------------------------
     0 | D:1      | H0rd4k the Human Artificer began the quest for the Orb.
     0 | D:1      | Reached XP level 1. HP: 15/15 MP: 1/1
   140 | D:1      | Reached XP level 2. HP: 21/21 MP: 2/2
   576 | D:1      | Reached XP level 3. HP: 26/26 MP: 3/3
   991 | D:2      | Noticed Terence
  1121 | D:2      | Reached XP level 4. HP: 23/32 MP: 4/4
  1218 | D:2      | Killed Terence
  1219 | D:2      | Reached skill level 1 in Long Blades
  1222 | D:2      | Found a snail-covered altar of Cheibriados.
  1728 | D:3      | Noticed Ijyb
  1745 | D:3      | Killed Ijyb
  1746 | D:3      | Reached XP level 5. HP: 31/38 MP: 5/5
  2249 | D:4      | Reached XP level 6. HP: 34/44 MP: 6/6
  2372 | D:4      | Noticed a black bear
  2386 | D:4      | Killed a black bear
  2517 | D:4      | Found a stormy altar of Qazlal.
  2520 | D:4      | Found an iron altar of Okawaru.
  2520 | D:4      | Found a bloodstained altar of Trog.
  2582 | D:4      | Reached XP level 7. HP: 30/51 MP: 7/7
  2677 | D:4      | Found Wehoat's Magic Scroll Shop.
  3232 | D:4      | Found Ytwuusan's Assorted Antiques.
  3337 | D:5      | Entered Level 5 of the Dungeon
  3337 | D:5      | Noticed Blork the orc
  3339 | D:5      | Killed Blork the orc
  3340 | D:5      | Reached skill level 1 in Unarmed Combat
  3340 | D:5      | Reached skill level 1 in Spellcasting
  3353 | D:5      | Reached skill level 5 in Long Blades
  3353 | D:5      | Reached XP level 8. HP: 38/58 MP: 5/10
  3435 | D:5      | Noticed Eustachio
  3450 | D:5      | Found a glowing drain.
  3469 | Sewer    | Entered a sewer
  3608 | Sewer    | Reached skill level 2 in Spellcasting
  4148 | D:5      | Killed Eustachio
  4149 | D:5      | Reached skill level 3 in Spellcasting
  4149 | D:5      | Reached XP level 9. HP: 38/65 MP: 8/13
  4669 | D:6      | Found Yjiaweus's Distillery.
  4722 | D:6      | Found Jafegel's Magic Scroll Emporium.
  4762 | D:6      | Noticed a troll
  4772 | D:6      | Found Qeumm's Antique Armour Emporium.
  4819 | D:6      | Reached skill level 5 in Dodging
  5162 | D:6      | Found Vuceeg's Weapon Boutique.
  5270 | D:7      | Found a transporter.
  5278 | D:7      | Found an ancient bone altar of Kikubaaqudgha.
  5278 | D:7      | Noticed Menkaure
  5280 | D:7      | Found a basalt altar of Yredelemnul.
  5298 | D:7      | Found a transporter.
  5309 | D:7      | Found a staircase to the Ecumenical Temple.
  5320 | Temple   | Entered the Ecumenical Temple
  5536 | Temple   | Became a worshipper of Gozag Ym Sagoz the Greedy
  5630 | D:7      | Found a sacrificial altar of Ru.
  5811 | D:7      | Reached skill level 5 in Fighting
  5817 | D:7      | Reached skill level 4 in Spellcasting
  6178 | D:7      | Found a hazy altar of Hepliaklqana.
  6285 | D:7      | Reached XP level 10. HP: 69/74 MP: 16/16
  6779 | D:7      | Killed Menkaure
  6832 | D:7      | Identified the +4 ring mail "Ragroj" {rElec rCorr}
  6882 | D:8      | Noticed Amaemon
  6882 | D:8      | Noticed an orange demon
  7084 | D:8      | Found a runed translucent gate.
  7085 | D:8      | Found a runed translucent gate.
  7096 | D:8      | Noticed Gastronok
  7133 | D:8      | Killed Gastronok
  7134 | D:8      | Reached skill level 5 in Spellcasting
  7306 | D:8      | Identified the +5 flail of the Equator {antimagic, rC+
                  | Will++ rCorr Int-5}
  7372 | D:8      | Killed Amaemon
  7372 | D:8      | Killed an orange demon
  7373 | D:8      | Reached skill level 5 in Evocations
  7587 | D:8      | Found a staircase to the Lair.
  7723 | D:8      | Noticed Joseph
  7736 | D:8      | Killed Joseph
  7737 | D:8      | Reached XP level 11. HP: 68/84 MP: 15/19
  7856 | D:8      | Reached skill level 6 in Spellcasting
  7865 | D:8      | Reached skill level 5 in Stealth
  8241 | D:8      | Found a runed translucent gate.
  8243 | D:8      | Noticed forrestvenable's ghost (novice NaIE)
  8653 | D:4      | Bought a pitted scale mail for 189 gold pieces
  8653 | D:4      | Identified the +6 scale mail "Rijout" {rF++ Will+ rCorr
                  | Dex-4} (You bought it in a shop on level 4 of the Dungeon)
  8801 | D:6      | Found Ozew's Armour Emporium.
  9214 | D:9      | Paralysed by a hornet for 3 turns
 10179 | D:9      | Found a staircase to the Orcish Mines.
 10647 | D:10     | Entered Level 10 of the Dungeon
 11145 | D:10     | Identified the +8 spear of Starshine {pain, rC++ Str+3
                  | Int+2}
 11212 | D:10     | Found a portal to a secret trove of treasure.
 11621 | D:10     | Paralysed by a hornet for 2 turns
 11626 | D:10     | Paralysed by a hornet for 2 turns
 11962 | D:10     | Found a transporter.
 12068 | D:10     | Found a transporter.
 12094 | D:10     | Learned a level 3 spell: Inner Flame
 12098 | D:10     | Learned a level 3 spell: Vhi's Electric Charge
 12251 | Lair:1   | Entered Level 1 of the Lair of Beasts
 12354 | Lair:1   | Reached skill level 7 in Spellcasting
 12364 | Lair:1   | Reached XP level 12. HP: 51/92 MP: 17/22
 12734 | Lair:1   | Reached skill level 1 in Hexes
 12849 | Lair:1   | Noticed Erica
 12859 | Lair:1   | Killed Erica
 12860 | Lair:1   | Reached skill level 1 in Fire Magic
 12860 | Lair:1   | Reached skill level 1 in Air Magic
 13606 | Lair:2   | Reached skill level 1 in Transmutations
 14449 | Lair:2   | Reached skill level 8 in Spellcasting
 14600 | Lair:2   | Noticed a death yak
 14601 | Lair:2   | Noticed a death yak
 14604 | Lair:2   | Noticed a death yak
 14604 | Lair:2   | Noticed a death yak
 14637 | D:8      | Bought a +2 helmet of intelligence for 215 gold pieces
 14672 | D:8      | Bought a faintly glowing ring mail for 216 gold pieces
 14672 | D:8      | Identified the +1 ring mail "Noimala" {Int+2} (You bought
                  | it in a shop on level 8 of the Dungeon)
 14672 | D:8      | Bought a brightly glowing robe for 136 gold pieces
 14672 | D:8      | Identified the +2 robe of Hairy Liberty {Rampage Dex+4}
                  | (You bought it in a shop on level 8 of the Dungeon)
 15302 | Lair:2   | Killed a death yak
 15303 | Lair:2   | Reached skill level 1 in Polearms
 15450 | Lair:2   | Learned a level 3 spell: Confusing Touch
 15521 | Lair:2   | Killed a death yak
 15938 | Lair:2   | Reached skill level 9 in Spellcasting
 15954 | Lair:2   | Killed a death yak
 16185 | Lair:2   | Reached XP level 13. HP: 98/98 MP: 23/26
 16202 | Lair:2   | Found a staircase to the Shoals.
 16912 | Lair:2   | Reached skill level 5 in Hexes
 17483 | Lair:3   | Reached skill level 10 in Spellcasting
 17923 | Lair:3   | Reached skill level 5 in Polearms
 17964 | Lair:3   | Found a staircase to the Snake Pit.
 18804 | Lair:4   | Noticed a six-headed hydra
 18824 | Lair:4   | Killed a six-headed hydra
 18988 | Lair:4   | Noticed a four-headed hydra
 19014 | Lair:4   | Killed a four-headed hydra
 19196 | Lair:4   | Noticed a catoblepas
 19605 | Lair:4   | Identified the +5 rapier of the Heavens {vamp, rPois Str+9
                  | Int+4 Dex-3}
 20552 | Lair:4   | Killed a catoblepas
 20553 | Lair:4   | Reached XP level 14. HP: 90/104 MP: 28/28
 20629 | Lair:4   | Identified a scroll of acquirement
 20972 | Lair:5   | Entered Level 5 of the Lair of Beasts
 21919 | Lair:5   | Reached skill level 11 in Spellcasting
 22138 | Lair:5   | Found a staircase to the Slime Pits.
 22140 | Lair:5   | Found a viscous altar of Jiyva.
 22658 | Lair:5   | Reached skill level 1 in Translocations
 22944 | Lair:5   | Paralysed by a hornet for 3 turns
 23034 | Lair:5   | Reached skill level 10 in Polearms
 23822 | Lair:5   | Paralysed by a hornet for 2 turns
 23828 | Lair:5   | Paralysed by a hornet for 1 turns
 25063 | Orc:1    | Entered Level 1 of the Orcish Mines
 25187 | Orc:1    | Noticed an orc warlord
 25238 | Orc:1    | Killed an orc warlord
 25739 | Orc:1    | Found Resadd's General Store.
 25740 | Orc:1    | Found Tocof's Specific Store.
 25787 | Orc:2    | Entered Level 2 of the Orcish Mines
 25925 | Orc:2    | Noticed Donald
 25983 | Orc:1    | Killed Donald
 26074 | Orc:1    | Paralysed by an orc sorcerer for 3 turns
 26199 | Orc:1    | Learned a level 3 spell: Volatile Blastmotes
 26311 | Orc:2    | Noticed an orc warlord
 26477 | Orc:2    | Found Tada's Book Boutique.
 26971 | Orc:2    | Reached XP level 15. HP: 92/110 MP: 30/30
 27248 | Orc:2    | Gained mutation: Your magical capacity is low. (-10% MP) [a
                  | neqoxec]
 27292 | Orc:1    | Killed an orc warlord
 27731 | Orc:2    | Paralysed by an orc sorcerer for 4 turns
 27736 | Orc:2    | HP: 3/92 [poisoned by an orc sorcerer]
 28259 | Orc:2    | Found a staircase to the Elven Halls.
 28477 | Orc:1    | Noticed Fannar
 28517 | Orc:1    | Killed Fannar
 28902 | D:11     | Noticed Nergalle
 28937 | D:11     | Killed Nergalle
 28938 | D:11     | Reached skill level 12 in Spellcasting
 29249 | D:11     | Identified the +0 scale mail of Thoughtfulness {rF++ MP-9}
 30716 | Orc:2    | Paralysed by an orc sorcerer for 3 turns
 30775 | Orc:2    | Found Qalyis's Book Boutique.
 30780 | Orc:2    | Bought a book of Vapours for 442 gold pieces
 30784 | Orc:2    | Bought a book of Storms for 442 gold pieces
 30845 | Orc:2    | Learned a level 4 spell: Summon Lightning Spire
 30967 | Orc:2    | Found Zaedgho's Antique Armour Shop.
 30971 | Orc:2    | Found Douviadu's Antique Weapon Boutique.
 30985 | Orc:2    | Bought a transparent arbalest for 180 gold pieces
 30985 | Orc:2    | Identified the +5 arbalest of Amorality {elec, Will+} (You
                  | bought it in a shop on level 2 of the Orcish Mines)
 31330 | D:8      | Bought the ring of Duosuh {rPois EV+5} for 566 gold pieces
 31330 | D:8      | Bought the ring of Divine Compulsion {Fire Str+2 Dex+3} for
                  | 510 gold pieces
 31432 | Snake:1  | Entered Level 1 of the Snake Pit
 31432 | Snake:1  | Noticed Aizul
 31482 | Lair:3   | HP: 1/110 [Aizul (5)]
 31784 | Shoals:1 | Entered Level 1 of the Shoals
 31939 | Shoals:1 | Reached skill level 1 in Necromancy
 32183 | Shoals:1 | Noticed Nikola
 32285 | Shoals:2 | Shot with a sling bullet by a faun

Illustrated notes

Levels and vault maps discovered:
D:1:      giann_wishing_wells, layout_rooms, supply_closet_lemuel
D:2:      layout_rooms, basic_altar, uniq_terence
D:3:      layout_basic, uniq_ijyb
D:4:      layout_loops_ring, chequers_temple_overflow_statue_of_worship,
          serial_shops, shop, minmay_misc_feat_five, nicolae_stop_n_shop_2,
          hangedman_abyss_or_decor_lesser_grid,
          minmay_a_box_with_orc_wizards_in_it
D:5:      layout_rooms, portal_sewer_entry_f, kennysheep_generic_room_9,
          uniq_blork_the_orc, uniq_eustachio
D:6:      layout_loops_cross, serial_shops, shop, shop, nicolae_take_the_stairs,
          shop, shop
D:7:      layout_basic, mainiacjoe_overflow_paths,
          nicolae_overflow_hidden_temple, gammafunk_temple_of_torment,
          minmay_temple_entry_purple_smoke
D:8:      layout_basic, lair_entry_dummy, ebering_ghost_rock_garden,
          lemuel_flamethrower_2, uniq_gastronok, uniq_joseph, uniq_amaemon
D:9:      layout_basic, zombieorc1_lemuel
D:10:     layout_loops_corners, nicolae_trove_entry_path_of_doom,
          nicolae_diode_stairs
D:11:     nicolae_cairo_tiling, layout_layer_cave, uniq_nergalle
Temple:   hellmonk_temple_forest_ring
Lair:1:   layout_roguey, infiniplex_staircase_pool_2, serial_bayou_shore_a,
          uniq_erica
Lair:2:   layout_roguey, elwin_shoals_entry_rooms
Lair:3:   layout_regular_city, minmay_snake_entry_guardpost_small,
          grunt_megastairs_5, lemuel_fruit_tree
Lair:4:   layout_gridlike, special_room [special_room_mythical_zoo]
Lair:5:   minmay_lair_end_enchanted_forest, layout_hall_layers,
          minmay_slime_entry_jelly_boxes, serial_rivers,
          chequers_serial_rivers_micro_d, chequers_serial_rivers_micro_d,
          chequers_serial_rivers_room_a, chequers_serial_rivers_small_3,
          chequers_serial_rivers_large_b, hangedman_lair_unloving_vines
Shoals:1: layout_shoals, uniq_nikola
Shoals:2: layout_shoals, serial_shops, shop_statue, uniq_polyphemus
Snake:1:  layout_misc_corridors, serial_shops, nicolae_shop_tiny_glass,
          nicolae_snake_dead_anacondas, minmay_shoptagon, uniq_aizul
Orc:1:    layout_diamond_mine, nicolae_orc_rockfall, nicolae_specific_store,
          uniq_fannar
Orc:2:    grunt_orc_community_town_hall, layout_caves,
          grunt_orc_community_big_house_1, grunt_orc_community_big_house_2,
          grunt_orc_community_house_2, grunt_orc_community_house_2,
          grunt_orc_community_house_3, grunt_orc_community_house_2,
          grunt_orc_community_house_2, uniq_donald

Skill      XL: |  1  2  3  4  5  6  7  8  9 10 11 12 13 14 15 |
---------------+----------------------------------------------+-----
Long Blades    | 2 3 4 5 6 |  6.7
Fighting       | 2 3 4 5 7 8 |  8.2
Stealth        | 2 3 4 5 |  5.6
Dodging        | 2 3 4 6 8 9 |  9.2
Unarmed Combat | 1 |  1.0
Spellcasting   | 1 3 4 5 7 9 10 11 12 | 12.3
Evocations     | 4 5 6 |  6.1
Armour         | 4 |  4.9
Hexes          | 4 6 7 |  7.8
Fire Magic     | 3 |  3.1
Air Magic      | 3 |  3.7
Transmutations | 1 |  1.2
Polearms       | 2 8 11 | 11.7
Translocations | 2 |  2.3
Necromancy     | 1 |  1.2
Maces & Flails | |  0.8
Throwing       | |  0.2
Summonings     | |  0.7
Ice Magic      | |  0.1
Earth Magic    | |  0.9
Poison Magic   | |  0.3
Invocations    | |  0.1

Action                     |  1- 3 |  4- 6 |  7- 9 | 10-12 | 13-15 || total
---------------------------+-------+-------+-------+-------+-------++-------
  Melee: Club              |    34 |       |       |       |       ||    34
         Punch             |     2 |       |     1 |     5 |       ||     8
         Falchion          |    66 |    70 |   255 |   756 |    96 ||  1243
         Unarmed           |       |    13 |       |       |       ||    13
         Spear             |       |       |       |       |  2160 ||  2160
  Throw: Dart              |       |       |       |       |     4 ||     4
   Cast: Confusing Touch   |       |       |       |     7 |   121 ||   128
         Inner Flame       |       |       |       |     1 |       ||     1
         Vhi's Electric Ch |       |       |       |       |    38 ||    38
         Volatile Blastmot |       |       |       |       |     6 ||     6
 Invoke: Call Merchant     |       |       |       |     2 |     1 ||     3
         Potion Petition   |       |       |       |       |     1 ||     1
  Evoke: Wand              |     2 |     4 |    15 |    34 |    27 ||    82
         Condenser vane    |       |       |       |     2 |     1 ||     3
         Phial of floods   |       |       |       |     1 |     1 ||     2
    Use: Scroll            |       |     7 |     4 |     8 |    14 ||    33
         Potion            |       |       |       |     8 |    10 ||    18
   Stab: Sleeping          |     4 |     2 |     2 |       |       ||     8
         Invisible         |       |       |       |     4 |     5 ||     9
         Distracted        |       |       |       |     1 |     5 ||     6
         Confused          |       |       |       |     8 |   154 ||   162
 Armour: Leather armour    |    46 |    39 |   203 |     6 |       ||   294
         Ring mail         |       |       |       |    52 |       ||    52
         Scale mail        |       |       |       |   360 |   842 ||  1202
  Dodge: Dodged            |   114 |    71 |   286 |   517 |   811 ||  1799
